 Dungeon Crawl Stone Soup version 0.31-a0-133-gaae73658be (webtiles) character file.

Game seed: 5410220277706200083

7135 Pooter the Cleaver (level 10, 0/138 HPs)
             Began as a Minotaur Berserker on June 2, 2023.
             Was a Believer of Trog.
             Slain by a centaur (4 damage)
             ... on level 9 of the Dungeon.
             The game lasted 00:45:45 (10515 turns).

Pooter the Cleaver (Minotaur Berserker)            Turns: 10515, Time: 00:45:45

Health: 0/138      AC:  8    Str: 23    XL:     10   Next: 85%
Magic:  9/9        EV: 10    Int:  6    God:    Trog [**....]
Gold:   454        SH:  0    Dex: 11    Spells: 9/9 levels left

rFire   . . .        a - +5 war axe (freeze)
rCold   + . .        (no shield)
rNeg    . . .        y - +1 scale mail {Will+}
rPois   .            F - +1 hat
rElec   .            (no cloak)
rCorr   .            (no gloves)
SInv    +            (no boots)
Will    +....        (no amulet) Stlth
                     I - ring of protection from cold
HPRegen 0.43/turn    S - ring of see invisible
MPRegen 0.11/turn

%: no passive effects
@: berserking, very quick
A: horns 2, retaliatory headbutt
a: Renounce Religion, Berserk, Trog's Hand


You were on level 9 of the Dungeon.
You worshipped Trog.
Trog was pleased with you.
You visited 1 branch of the dungeon, and saw 10 of its levels.
You also visited: Sewer.

You collected 454 gold pieces.

Inventory:

Hand Weapons
 a - a +5 war axe of freezing (weapon)
   (You took it off a wight on level 8 of the Dungeon)
 b - a +0 orcbow
   (You took it off a centaur on level 8 of the Dungeon)
 r - a +0 hand axe of flaming
   (You took it off an orc on level 7 of the Dungeon)
 J - a +0 dire flail
   (You found it on level 7 of the Dungeon)
 K - a +0 whip of freezing
   (You took it off Pikel on level 6 of the Dungeon)
 L - a +0 sling
   (You found it on level 2 of the Dungeon)
 M - a +1 morningstar
   (You took it off a wight on level 7 of the Dungeon)
 N - a +2 war axe
   (You took it off an orc on level 4 of the Dungeon)
 P - a +0 battleaxe
   (You took it off a wight on level 7 of the Dungeon)
Missiles
 l - 36 poisoned darts (quivered)
 n - 6 boomerangs
 O - a curare-tipped dart
 Q - 52 stones
Armour
 e - a +0 buckler
   (You found it on level 1 of the Dungeon)
 y - a +1 scale mail of willpower (worn)
   (You found it on level 4 of the Dungeon)
 F - a +1 hat (worn)
   (You found it on level 6 of the Dungeon)
 G - a +0 plate armour
   (You found it on level 7 of the Dungeon)
Jewellery
 C - a +6 ring of intelligence
   (You found it on level 5 of the Dungeon)
 I - a ring of protection from cold (left hand)
   (You found it on level 1 of the Dungeon)
 S - a ring of see invisible (right hand)
   (You found it on level 8 of the Dungeon)
Wands
 d - a wand of iceblast (5)
   (You found it on level 9 of the Dungeon)
Scrolls
 f - 2 scrolls of blinking
 g - a scroll of enchant armour {unknown}
 i - a scroll of silence {unknown}
 m - a scroll of amnesia {unknown}
 q - a scroll of noise {!r}
 t - 5 scrolls of teleportation {@r4}
 u - a scroll of immolation {unknown}
 w - a scroll of magic mapping
 D - a scroll of acquirement {unknown}
 E - a scroll of summoning {unknown}
 H - a scroll of brand weapon {unknown}
 R - a scroll of vulnerability {!r}
Potions
 c - 3 potions of lignification {!q}
 h - 2 potions of degeneration {unknown}
 j - a potion of ambrosia
 k - 2 potions of brilliance {unknown}
 s - a potion of mutation {unknown}
 v - 2 potions of resistance
 x - 5 potions of curing {@q1}
 z - a potion of invisibility {unknown}
 A - 2 potions of cancellation {unknown}
 B - a potion of might {unknown}


   Skills:
 + Level 9.7 Fighting
 * Level 13.0 Axes
 * Level 11.1 Ranged Weapons
 - Level 2.4 Armour
 - Level 2.1 Dodging
 - Level 2.3 Stealth


You had 9 spell levels left.
You didn't know any spells.
Your spell library was empty.

Dungeon Overview and Level Annotations

Branches:
Dungeon (10/15)            Temple (0/1) D:4            Lair (0/5) D:8
  Sewer (visited)
    Orc: D:9-12

Altars:
Ashenzari
Cheibriados
Elyvilon
Fedhas
Gozag
Makhleb
Ru
Sif Muna
Xom
Zin

Shops:
D:8 *

Annotations:
D:3 1 runed translucent door, Crazy Yiuf
D:6 2 transporters, kishors03's ghost, novice MiBe


Innate Abilities, Weirdness & Mutations

You have a pair of horns on your head.
You reflexively headbutt those who attack you in melee.


Message History

You shoot an arrow. The arrow hits the human.
You feel the effects of Trog's Hand fading.
The human hits you with a +0 club.
* * * LOW HITPOINT WARNING * * *
Unknown command.
Do you really want to go berserk while wielding your +0 orcbow? [Y]es or [N]o only, please.
Do you really want to go berserk while wielding your +0 orcbow?
Okay, then.
Unknown command.
Your +5 war axe of freezing glows with a cold blue light!
a - a +5 war axe of freezing (weapon)
The human barely misses you. The human hits you with a +0 club.
* * * LOW HITPOINT WARNING * * *
A red film seems to cover your vision as you go berserk!
You feel yourself moving faster!
You feel mighty! The human barely misses you. You furiously retaliate!
You headbutt the human! The human hits you but does no damage.
You slash the human! You freeze the human. You slash the human!
You freeze the human.
You kill the human!
Trog accepts your kill.
You miss the human. You closely miss the human. Your headbutt misses the human.
You closely miss the human. The human closely misses you.
The human hits you with a +0 club.
* * * LOW HITPOINT WARNING * * *
You barely miss the human. Your headbutt misses the human.
You barely miss the wyvern. You hit the human. You freeze the human.
The wyvern barely misses you. The human completely misses you.
The human hits you with a +0 club.
* * * LOW HITPOINT WARNING * * *
You closely miss the human. You barely miss the wyvern.
You closely miss the human. The wyvern bites you!
* * * LOW HITPOINT WARNING * * *
You slash the human! You freeze the human.
You kill the human!
Trog accepts your kill.
You slice the human!! You freeze the human. You slash the wyvern!
You freeze the wyvern!
The centaur shoots an arrow.
The arrow hits you!
* * * LOW HITPOINT WARNING * * *
The wyvern closely misses you. The human completely misses you.
You furiously retaliate!
You headbutt the human!
You feel the power of Trog in you as your rage grows.
You kill the human!
Trog accepts your kill.
Your Axes skill increases to level 13!
Your skin stops crawling.
You feel less strong-willed.
The centaur unwields a +0 shortbow.
The centaur hits you.
You die...

.....#
##.##.#
####
#...##
... ##
.. .#
####.#
#.#..).#
#....@c#
#.#.l).#
###..#
#....
..##..
.## ....
. ... .#
...


You could see a wyvern and a centaur.

Vanquished Creatures
  Pikel (D:6)
  A troll (D:7)
  Grinder (D:3)
  The ghost of DeltaZero the Chiller, an amateur HuIE of Zin (D:5)
  4 yaks
  3 humans (D:9)
  A steam dragon (D:6)
  4 water moccasins
  4 black bears
  2 orc warriors
  3 ice beasts
  2 sky beasts
  A lemure (D:6)
  3 centaurs
  9 kobold brigands
  9 bullfrogs
  4 scorpions
  13 wights
  A howler monkey (D:8)
  7 hounds
  3 orc priests
  2 sleepcaps (D:6)
  2 gnoll boudas
  An iron imp (D:7)
  4 iguanas
  13 orc wizards
  11 gnolls
  11 adders
  A river rat (Sewer)
  A shadow imp (D:6)
  A white imp (D:6)
  5 worms
  6 dart slugs
  21 orcs
  10 ball pythons
  3 bats
  11 endoplasms
  4 giant cockroaches
  4 goblins
  3 hobgoblins
  4 jackals
  4 quokkas
  2 frilled lizards
  15 kobolds
  10 rats
226 creatures vanquished.

Vanquished Creatures (others)
  An orc wizard (D:6)
1 creature vanquished.

Grand Total: 227 creatures vanquished

Notes
Turn   | Place    | Note
-------+----------+-------------------------------------------
     0 | D:1      | Pooter the Minotaur Berserker began the quest for the Orb.
     0 | D:1      | Reached XP level 1. HP: 19/19 MP: 0/0
   215 | D:1      | Reached XP level 2. HP: 27/27 MP: 1/1
   243 | D:1      | Reached skill level 4 in Axes
   284 | D:1      | Reached skill level 1 in Stealth
   558 | D:1      | Found a faded altar of an unknown god.
   684 | D:1      | Reached XP level 3. HP: 33/33 MP: 2/2
   884 | D:2      | Reached ** piety under Trog
   892 | D:2      | Reached XP level 4. HP: 27/40 MP: 3/3
  1371 | D:2      | Reached skill level 5 in Axes
  1897 | D:3      | Noticed Grinder
  1905 | D:3      | Killed Grinder
  1906 | D:3      | Reached skill level 6 in Axes
  1906 | D:3      | Reached XP level 5. HP: 47/47 MP: 4/4
  1906 | D:3      | Reached XP level 6. HP: 55/55 MP: 5/5
  2593 | D:3      | Reached skill level 5 in Fighting
  2916 | D:3      | Found a runed translucent door.
  2917 | D:3      | Noticed Crazy Yiuf
  2968 | D:4      | Found a shimmering blue altar of Sif Muna.
  2968 | D:4      | Found a shimmering altar of Xom.
  3299 | D:4      | Found a staircase to the Ecumenical Temple.
  4026 | D:5      | Entered Level 5 of the Dungeon
  4089 | D:5      | Found a glowing drain.
  4104 | Sewer    | Entered a sewer
  4586 | Sewer    | Reached XP level 7. HP: 61/61 MP: 6/6
  4656 | Sewer    | Reached skill level 7 in Axes
  4800 | Sewer    | Upgraded the game from 0.31-a0-128-g25add195a6 to
                  | 0.31-a0-133-gaae73658be
  5157 | Sewer    | Reached skill level 5 in Ranged Weapons
  5504 | D:5      | Reached XP level 8. HP: 70/70 MP: 7/7
  5505 | D:5      | Found a runed translucent door.
  5574 | D:5      | Reached skill level 8 in Axes
  5996 | D:5      | Noticed DeltaZero's ghost (amateur HuIE)
  6015 | D:5      | Killed DeltaZero's ghost
  6104 | D:5      | Found Qaoriadgh's Antique Armour Boutique.
  6148 | D:5      | Found an opulent altar of Gozag.
  6288 | D:6      | Reached *** piety under Trog
  6289 | D:6      | Reached skill level 9 in Axes
  6577 | D:6      | Reached XP level 9. HP: 57/79 MP: 8/8
  7110 | D:5      | Reached skill level 10 in Axes
  7199 | D:6      | Found a transporter.
  7199 | D:6      | Noticed kishors03's ghost (novice MiBe)
  7200 | D:6      | Found a transporter.
  7200 | D:6      | Noticed a queen bee
  7431 | D:6      | Noticed Pikel
  7439 | D:6      | Killed Pikel
  7836 | D:7      | Identified the -1 cloak of Blue Skies {*Corrode rF++ Dex+5}
  7914 | D:7      | Found a snail-covered altar of Cheibriados.
  8013 | D:7      | Reached skill level 11 in Axes
  8449 | D:7      | Noticed a troll
  8455 | D:7      | Killed a troll
  8600 | D:7      | Reached XP level 10. HP: 84/90 MP: 9/9
  8703 | D:7      | Found a broken altar of Ashenzari.
  8704 | D:7      | Found a burning altar of Makhleb.
  8704 | D:7      | Found a blossoming altar of Fedhas.
  8739 | D:7      | Found a sacrificial altar of Ru.
  9038 | D:8      | Found a white marble altar of Elyvilon.
  9574 | D:8      | You fall into a shaft and drop 1 floor!
  9611 | D:9      | Reached skill level 10 in Ranged Weapons
  9627 | D:8      | Reached skill level 12 in Axes
  9854 | D:8      | Found a staircase to the Lair.
 10017 | D:8      | Found Zin's Purification Station.
 10020 | D:8      | Found a glowing silver altar of Zin.
 10489 | D:10     | Entered Level 10 of the Dungeon
 10514 | D:9      | HP: 3/136 [centaur/arrow (7)]
 10515 | D:9      | Reached skill level 13 in Axes
 10515 | D:9      | Slain by a centaur

Illustrated notes

Levels and vault maps discovered:
D:1:      wander_arrival_peaceful_grave, layout_basic,
          dreamdust_ecumenical_altar_angels_and_demons, glass_columns_c
D:2:      layout_basic, dk_noncrumbling_2, roderic_serpentine_path
D:3:      layout_loops_corners, uniq_grinder, uniq_crazy_yiuf_cottage
D:4:      layout_basic, jmf_multi_god_temple, minmay_temple_entry_from_below_a
D:5:      layout_basic, lemuel_tele_altar, ebering_ghost_sewer_d, serial_shops,
          kennysheep_little_box, gup_sewer_entry_pipe, minmay_misc_feat_doors
D:6:      layout_loops_ring, gammafunk_ghost_hive, hellmonk_no_cap, uniq_pikel
D:7:      layout_loops_ring, slow_altar_1, nicolae_overflow_quartered_altars
D:8:      layout_basic, nicolae_elyvilon_peaceful_grove, zin_purify,
          due_lair_maze_entry_diamond
D:9:      nzn_winding_woodlands_cross [nzn_winding_woodlands_5x15_pockets,
          nzn_winding_woodlands_5x15_pathside_ponds,
          nzn_winding_woodlands_5x15_pool,
          nzn_winding_woodlands_5x15_concentric,
          nzn_winding_woodlands_15x15_eel_pit], layout_loops_ring, minitemple,
          minmay_ruffians
D:10:     layout_long_grid, old_standard_altar, orc_0_dummy, serial_glass,
          glass_columns_b, glass_columns_b, glass_columns_a, glass_columns_b,
          kennysheep_decorative_pillar, kennysheep_small_square

Skill      XL: |  1  2  3  4  5  6  7  8  9 10 |
---------------+-------------------------------+-----
Axes           | 4 6 7 9 11 13 | 13.0
Stealth        | 1 2 |  2.3
Fighting       | 4 5 6 7 8 9 |  9.7
Ranged Weapons | 2 3 5 7 9 11 | 11.1
Armour         | |  2.4
Dodging        | |  2.1

Action                     |  1- 3 |  4- 6 |  7- 9 | 10-12 || total
---------------------------+-------+-------+-------+-------++-------
  Melee: Hand axe          |    63 |    78 |       |       ||   141
         Headbutt          |    11 |    14 |    47 |    20 ||    92
         Punch             |     1 |       |       |     1 ||     2
         War axe           |       |    21 |   279 |    70 ||   370
         Battleaxe         |       |       |       |    46 ||    46
   Fire: Sling             |       |    69 |    33 |       ||   102
         Orcbow            |       |       |       |    29 ||    29
  Throw: Dart              |       |       |    14 |     3 ||    17
         Boomerang         |       |       |     2 |     2 ||     4
 Invoke: Berserk           |     1 |     2 |    12 |     7 ||    22
         Trog's Hand       |       |     3 |     7 |     6 ||    16
    Use: Scroll            |     1 |     4 |     2 |     9 ||    16
         Potion            |       |       |       |     1 ||     1
   Stab: Sleeping          |     1 |       |       |       ||     1
 Armour: Animal skin       |     7 |       |       |       ||     7
         Ring mail         |     6 |     6 |       |       ||    12
         Chain mail        |       |    25 |       |       ||    25
         Scale mail        |       |     6 |    90 |    54 ||   150
  Dodge: Dodged            |    38 |    44 |   105 |    81 ||   268
  Block: Buckler           |     3 |    11 |    23 |     1 ||    38

Table legend: (Time is in decaauts)
 A = Elapsed time spent in this place.
 B = Non-inter-level travel time spent in this place.
 C = Inter-level travel time spent in this place.
 D = Time resting spent in this place.
 E = Time spent auto-exploring this place.
 F = Levels seen in this place.
 G = Mean time per level.
                   A        B        C        D        E       F      G
               +--------+--------+--------+--------+--------+-----+--------+
         Total |  10945 |  10648 |    297 |   2576 |   6149 |  11 |  995.0 |
       Dungeon |   9423 |   9126 |    297 |   2003 |   5480 |  10 |  942.3 |
         Sewer |   1521 |   1521 |      0 |    573 |    669 |   1 | 1521.0 |
               +--------+--------+--------+--------+--------+-----+--------+

Top non-repeatable levels by time:
     D:6: 1623 daAuts
   Sewer: 1521 daAuts
     D:7: 1388 daAuts
     D:8: 1176 daAuts
     D:3: 1156 daAuts
     D:2: 1076 daAuts
     D:4: 1073 daAuts
     D:5: 907 daAuts
     D:1: 781 daAuts
     D:9: 237 daAuts
    D:10: 2 daAuts
